 Dungeon Crawl Stone Soup version 0.23.0 (webtiles) character file.

Game seed: 6043313139555965071

514 1994 the Shooter (level 7, 46/57 HPs)
             Began as a Centaur Arcane Marksman on Feb 11, 2019.
             Quit the game on level 5 of the Dungeon on Feb 12, 2019.
             The game lasted 00:28:45 (5447 turns).

1994 the Shooter (Centaur Arcane Marksman)          Turns: 5447, Time: 00:28:46

Health: 46/57      AC:  6    Str: 12      XL:     7   Next: 0%
Magic:  19/19      EV:  9    Int: 12      God:
Gold:   259        SH:  0    Dex:  7 (12) Spells: 5/11 levels left

rFire    . . .     SeeInvis .   a - +0 shortbow
rCold    . . .     Gourm    .   (shield currently unavailable)
rNeg     . . .     Faith    .   t - +0 leather armour
rPois    .         Spirit   .   w - +1 helmet
rElec    .         Reflect  .   (no cloak)
rCorr    .         Harm     .   (no gloves)
MR       .....                  (no barding)
Stlth    ..........             (no amulet)
HPRegen  0.19/turn              n - ring of magical power
MPRegen  0.16/turn              v - ring of flight

@: very quick
A: large, hooves 3, deformed body, speed 2, tough skin 3
a: Evoke Flight


You were on level 5 of the Dungeon.
You were hungry.

You visited 1 branch of the dungeon, and saw 5 of its levels.

You collected 259 gold pieces.

Inventory:

Hand Weapons
 a - a +0 shortbow (weapon)
 c - a +0 mace
Missiles
 d - 4 arrows (quivered)
Armour
 e - a +0 robe
 q - a +0 ring mail
 t - a +0 leather armour (worn)
 w - a +1 helmet (worn)
Jewellery
 n - a ring of magical power (left hand)
 v - a ring of flight (right hand)
Wands
 s - a wand of enslavement (11)
Scrolls
 g - 2 scrolls of fear {unknown}
 h - a scroll of identify
 m - a scroll of remove curse {unknown}
 r - 2 scrolls of teleportation {unknown}
 x - a scroll of amnesia {unknown}
Potions
 b - a potion of haste
 i - 4 potions of lignification
 j - 2 potions of ambrosia
 k - a potion of curing {unknown}
 l - a potion of magic {unknown}
 o - 2 potions of mutation {unknown}
 p - 3 potions of flight
Comestibles
 f - 4 rations
 u - 2 chunks of flesh


   Skills:
 + Level 3.2 Fighting
 + Level 5.0 Bows
 + Level 2.8 Dodging
 + Level 2.5 Spellcasting
 + Level 4.0 Hexes


You had 5 spell levels left.
You knew the following spells:

 Your Spells              Type           Power        Failure   Level  Hunger
a - Corona                Hex            ##.....      6%          1    #......
b - Slow                  Hex            ##......     10%         2    ###....
c - Portal Projectile     Hex/Tloc       #.....       41%         3    ###....

Your spell library contained the following spells:

 Spells                   Type           Power        Failure   Level  Hunger
 Inner Flame              Hex/Fire       #.......     41%         3    ###....
 Cause Fear               Hex            ##........   52%         4    #####..
 Leda's Liquefaction      Hex/Erth       #.........   82%         4    #####..


Dungeon Overview and Level Annotations

Branches:
Dungeon (5/15)
 Temple: D:4-7

Altars:
Fedhas
Kikubaaqudgha
Ru
Uskayaw
Xom
The Shining One


Innate Abilities, Weirdness & Mutations

You have hooves in place of feet.
Armour fits poorly on your strangely shaped body.
You cover ground very quickly.
You have extremely tough skin. (AC +3)


Message History

Aim: a quasit (almost dead)
You shoot an arrow. The arrow barely misses the quasit.
The quasit bites you but does no damage.
The quasit barely misses you. x2
Firing (i - inventory)
d - 6 arrows (quivered)
Press: ? - help, Shift-Dir - straight line, f/p - quasit
Aim: a quasit (almost dead)
You shoot an arrow. The arrow closely misses the quasit.
The quasit bites you but does no damage.
The quasit claws you but does no damage. x2
The quasit bites you but does no damage.
The quasit barely misses you. x2
Firing (i - inventory)
d - 5 arrows (quivered)
Press: ? - help, Shift-Dir - straight line, f/p - quasit
Aim: a quasit (almost dead)
You shoot an arrow. The arrow hits the quasit.
You kill the quasit!
Your Bows skill increases to level 5!
You have reached level 7!
Are you sure you want to abandon this character and quit the game? (Confirm with "yes".)

##.#.# #......#.##
####.#.####......#.#.
####....#....+......#.#.
...........###....#.#.#.
...........#####'##.#.#.
...........(...#.##.#.#.
...........###.#........
.........(.###.......[##
.......@(>....(...#...#
........#..##.#.###...#
#########..##.#(###...##
#.....#.........
#.#####.####...#
#...............
#######.######.#
#..............
#.####.######.#


There were no monsters in sight!

Vanquished Creatures
  Sigmund (D:3)
  An ice beast (D:5)
  A hound (D:4)
  A quasit (D:5)
  2 worker ants (D:4)
  A hound skeleton (D:5)
  10 adders
  An ooze (D:2)
  2 worms
  2 dart slugs
  3 leopard geckos
  9 bats
  4 giant cockroaches
  2 goblins
  7 hobgoblins
  4 jackals (D:4)
  A ball python (D:4)
  3 frilled lizards
  3 kobolds
  A quokka zombie (D:5)
  4 rats
63 creatures vanquished.

Notes
Turn   | Place    | Note
-------+----------+-------------------------------------------
     0 | D:1      | 1994 the Centaur Arcane Marksman began the quest for the
                  | Orb.
     0 | D:1      | Reached XP level 1. HP: 16/16 MP: 2/2
   643 | D:1      | Reached skill level 3 in Bows
   643 | D:1      | Reached XP level 2. HP: 18/23 MP: 1/3
   718 | D:1      | Learned a level 2 spell: Slow
   920 | D:2      | Reached XP level 3. HP: 28/28 MP: 1/4
  1227 | D:2      | Found a glowing golden altar of the Shining One.
  1255 | D:2      | Found a shimmering altar of Xom.
  1656 | D:2      | Reached XP level 4. HP: 6/36 MP: 6/6
  2018 | D:3      | Learned a level 3 spell: Portal Projectile
  2426 | D:3      | Noticed Sigmund
  2549 | D:3      | Found a sacrificial altar of Ru.
  2549 | D:3      | Found an ancient bone altar of Kikubaaqudgha.
  2818 | D:3      | Found a blossoming altar of Fedhas.
  3408 | D:4      | Reached XP level 5. HP: 9/41 MP: 7/7
  3420 | D:4      | HP: 3/61 [poisoned by a worker ant]
  3427 | D:4      | HP: 2/61 [poisoned by a worker ant]
  3434 | D:4      | HP: 1/61 [poisoned by a worker ant]
  3442 | D:4      | HP: 1/61 [poisoned by a worker ant]
  3906 | D:4      | Reached skill level 4 in Bows
  4045 | D:4      | Found a hide-covered altar of Uskayaw.
  4842 | D:3      | Killed Sigmund
  4842 | D:3      | Reached XP level 6. HP: 48/50 MP: 8/9
  5076 | D:5      | Entered Level 5 of the Dungeon
  5161 | D:5      | Noticed an ice beast
  5302 | D:5      | Killed an ice beast
  5446 | D:5      | Reached skill level 5 in Bows
  5446 | D:5      | Reached XP level 7. HP: 46/57 MP: 10/10
  5447 | D:5      | Quit the game

Skill      XL: |  1  2  3  4  5  6 |
---------------+-------------------+-----
Bows           | 3 4 5 |  5.0
Hexes          | 3 4 |  4.0
Fighting       | 2 3 |  3.2
Dodging        | 2 |  2.8
Spellcasting   | 2 |  2.5

Action                   |  1- 3 |  4- 6 |  7- 9 || total
-------------------------+-------+-------+-------++-------
Melee: Mace              |    79 |   132 |       ||   211
       Kick              |    12 |    20 |       ||    32
 Fire: Shortbow          |    10 |    56 |       ||    66
 Cast: Corona            |     6 |    23 |       ||    29
       Slow              |     5 |    19 |       ||    24
       Portal Projectile |       |     2 |       ||     2
  Use: Scroll            |       |     3 |       ||     3
       Potion            |       |     1 |       ||     1
  Eat: Chunk             |     2 |     9 |       ||    11
       Ration            |       |     1 |       ||     1
Armor: Robe              |    20 |       |       ||    20
       Leather armour    |    25 |   121 |       ||   146
Dodge: Dodged            |    49 |   132 |       ||   181
